[Event "Late-Titled-Tuesday-Blitz-January-30-2024"]
[Site "Chess.com"]
[Date "2024.01.30"]
[Round "8"]
[White "ATM622"]
[Black "Arlo2024"]
[Result "1-0"]
[WhiteElo "2447"]
[BlackElo "2269"]
[TimeControl "180+1"]
[EndTime "15:26:36 PST"]
[Termination "ATM622 won by checkmate"]

1. d4 Nf6 2. c4 c5 3. d5 b5 4.
cxb5 a6 5. e3 g6 6. Nc3 Bg7 7.
Nf3 O-O 8. a4 Bb7 9. bxa6 Nxa6 10. Bc4 e6 11. O-O Nb4 12. e4 exd5 13. exd5 d6 14. Bf4 Qb6 15. Re1 Nh5 16. Bd2 Nf6 17. Bg5 h6 18. Bh4 g5 19. Nxg5 hxg5 20. Bxg5 Ba6 21.
Bxf6 Bxf6 22. Ne4 Bg7 23. Bxa6 Nxa6 24. Qh5 Qxb2 25. Ng5 Qc2 26. Re4 Qxe4 27. Nxe4 Bxa1 28. Qg5+ Bg7 29. Nf6+ Kh8 30. Qh5+ Bh6 31. Qxh6# 1-0

[Event "Late-Titled-Tuesday-Blitz-January-30-2024"]
[Site "Chess.com"]
[Date "2024.01.30"]
[Round "8"]
[White "Yaacovn"]
[Black "lupta_robin"]
[Result "1/2-1/2"]
[WhiteElo "2802"]
[BlackElo "2558"]
[TimeControl "180+1"]
[EndTime "15:26:37 PST"]
[Termination "Game drawn - insufficient material"]

1. d4 Nf6 2. Bg5 d5 3. Bxf6 gxf6 4. g3 c5 5. c3 Nc6 6. e3 Qb6 7. Qb3 c4 8. Qc2 h5 9. Nd2 Qc7 10. e4 dxe4 11. Nxe4 Bg7 12. Bxc4 Bf5 13. Nxf6+ Bxf6 14. Qxf5 Nxd4 15. Bb5+ Nxb5 16. Qxb5+ Kf8 17.
Nf3 a6 18. Qb3 b5 19. O-O h4 20. Rad1 hxg3 21. hxg3 Qc8 22. Qd5 Rb8 23. Qd7 Qxd7 24. Rxd7 b4 25. cxb4 Bxb2 26. Rb1 Bc3 27. a3 Rh6 28.
Kg2 Rhb6 29. Rbd1 a5 30. Rd8+ Rxd8 31. Rxd8+ Kg7 32. bxa5 Bxa5 33. Rd3 Ra6 34. Nd4 Bb6 35. Nf5+ Kf6 36. Ne3 Bxe3 37. Rxe3 Ra4 38. Rf3+ Kg6 39.
Rb3 e5 40. f3 f5 41. Kh3 Kg5 42. Re3 Kf6 43. Rc3 Kg5 44. Kg2 Rd4 45. Kf2 Rd2+ 46.
Ke3 Ra2 47. f4+ exf4+ 48. gxf4+ Kg4 49. Rb3 Kg3 50. Rc3 Kg4 51. Rd3 Kg3 52. Rb3 Kg4 53. Kd4 Kxf4 54. Kc5 Ke4 55. Rb4+ Ke3 56. Rb3+ Ke2 57.
Kb4 f4 58. a4 f3 59. a5 f2 60. Rb1 f1=Q 61. Rxf1 Kxf1 62. Kb5 Ke2 63. a6 Kd3 64.
Kb6 Kd4 65. a7 Kd5 66. Kb7 Kd6 67. a8=Q Rxa8 68. Kxa8 1/2-1/2

[Event "Late-Titled-Tuesday-Blitz-January-30-2024"]
[Site "Chess.com"]
[Date "2024.01.30"]
[Round "8"]
[White "rdarruda"]
[Black "Hirna2005"]
[Result "1-0"]
[WhiteElo "2545"]
[BlackElo "2297"]
[TimeControl "180+1"]
[EndTime "15:26:43 PST"]
[Termination "rdarruda won by resignation"]

1. d4 g6 2. e4 Bg7 3. Nc3 d6 4. Nf3 a6 5. Bg5 Nd7 6. Qd2 c5 7. dxc5 Nxc5 8. e5 h6 9. Be3 Bg4 10. exd6 Qxd6 11. Qxd6 exd6 12. Bd4 Nf6 13. Be2 O-O 14.
O-O-O Rad8 15. h3 Bf5 16. g4 Bd7 17. Rhe1 Bc6 18. Ng1 Ne6 19. Be3 d5 20. Nf3 Ne4 21.
Nxe4 dxe4 22. Nd2 f5 23. gxf5 gxf5 24. Bc4 Rde8 25. Bc5 Rf7 26. Ba3 Kh7 27. f3 Rd7 28. fxe4 fxe4 29. Nxe4 Rxd1+ 30. Kxd1 Nd4 31. Bd3 Kh8 32.
Nd6 Rd8 33. Nf7+ 1-0

[Event "Late-Titled-Tuesday-Blitz-January-30-2024"]
[Site "Chess.com"]
[Date "2024.01.30"]
[Round "8"]
[White "Vladimir_2020"]
[Black "Sebastian"]
[Result "1-0"]
[WhiteElo "2779"]
[BlackElo "2939"]
[TimeControl "180+1"]
[EndTime "15:26:48 PST"]
[Termination "Vladimir_2020 won by resignation"]

1. Nf3 Nf6 2. g3 d5 3. Bg2 e6 4.
O-O Be7 5. d3 O-O 6. Nbd2 c5 7.
e4 Nc6 8. Re1 Qc7 9. e5 Nd7 10.
Qe2 b5 11. h4 Bb7 12. Nf1 Rfc8 13. Bf4 b4 14. h5 h6 15. N1h2 Qd8 16. Qd2 a5 17. Kh1 a4 18. a3 bxa3 19. bxa3 Ra6 20. g4 Ba8 21. Rg1 Rb6 22. Rae1 Rcb8 23. g5 hxg5 24.
Nxg5 Ncxe5 25. h6 Ng6 26. h7+ Kf8 27. Bxb8 Qxb8 28. Bf3 Nh8 29. Rg2 Ne5 30. Qf4 Bd6 31.
Nxe6+ Ke7 32. Nxg7 Kd7 33. Qf5+ Kc7 34. Rxe5 Rb1+ 35. Rg1 Rxg1+ 36. Kxg1 Qb2 37. Re8 Qxg7+ 38. Ng4 Bb7 39. Qf6 Qxh7 40. Rxh8 Qg6 41. Qxg6 fxg6 42. Rh6 c4 43. dxc4 Bxa3 44. Bxd5 Bc8 45. Rh7+ Kb6 46. Ne3 Bc5 47. Rh8 Ba6 48. Rb8+ Ka5 49. c3 a3 50. Nc2 a2 51. Rb2 1-0

[Event "Late-Titled-Tuesday-Blitz-January-30-2024"]
[Site "Chess.com"]
[Date "2024.01.30"]
[Round "8"]
[White "NovakRatko"]
[Black "Nf3c5"]
[Result "0-1"]
[WhiteElo "2394"]
[BlackElo "2526"]
[TimeControl "180+1"]
[EndTime "15:26:50 PST"]
[Termination "Nf3c5 won by resignation"]

1. d4 Nf6 2. c4 e6 3. a3 d5 4. Nc3 c5 5. dxc5 Bxc5 6. cxd5 exd5 7. b4 Bb6 8. e3 Nc6 9. Nf3 O-O 10. Be2 d4 11. exd4 Nxd4 12. O-O Nxe2+ 13. Nxe2 Bf5 14. Ned4 Bg6 15. Bg5 Qd5 16. Bxf6 gxf6 17. Ne2 Qb5 18. Nf4 Rad8 19. Qb3 Be4 20. Rad1 Qf5 21. Ne2 Bc2 22. Ng3 Bxb3 23. Rxd8 Qb5 24. Rd2 Rd8 25. Rb2 Bc4 26.
Rc1 Bd5 27. Nh4 Be6 28. Ne4 Qe5 29. Re2 f5 30. Ng3 Qf4 31. Rce1 Qxh4 0-1

[Event "Late-Titled-Tuesday-Blitz-January-30-2024"]
[Site "Chess.com"]
[Date "2024.01.30"]
[Round "8"]
[White "BebeBonito2022"]
[Black "AndreyNeves"]
[Result "1-0"]
[WhiteElo "2334"]
[BlackElo "2086"]
[TimeControl "180+1"]
[EndTime "15:26:51 PST"]
[Termination "BebeBonito2022 won by resignation"]

1. d4 d5 2. c4 e6 3. Nc3 Nf6 4.
cxd5 exd5 5. Bg5 c6 6. e3 Be7 7. Bd3 O-O 8. Nge2 h6 9. Bh4 b5 10. O-O a5 11. f3 Re8 12. Bf2 b4 13. Na4 Ba6 14. Rc1 Bd6 15. h3 Ra7 16. Nc5 Bxc5 17.
Rxc5 Re6 18. Nf4 Rd6 19. Qc2 Bxd3 20. Nxd3 Nfd7 21. Bg3 Rg6 22. Bxb8 Qxb8 23. Rxc6 Rxc6 24. Qxc6 Nf6 25. Rc1 Qg3 26. Nf4 Qg5 27. Qc8+ Kh7 28. Rc7 Rxc7 29. Qxc7 Qf5 30. Qxf7 Qb1+ 31. Kh2 Qxa2 32.
Qg6+ Kg8 33. Ne6 Nh5 34. Qxh5 Qxb2 35. Qg6 1-0

[Event "Late-Titled-Tuesday-Blitz-January-30-2024"]
[Site "Chess.com"]
[Date "2024.01.30"]
[Round "8"]
[White "Genghis_K"]
[Black "mishanick"]
[Result "1-0"]
[WhiteElo "2849"]
[BlackElo "3104"]
[TimeControl "180+1"]
[EndTime "15:26:52 PST"]
[Termination "Genghis_K won by resignation"]

1. e4 c5 2. Nf3 e6 3. d4 cxd4 4. Nxd4 Nc6 5. Nc3 a6 6. Be2 Qc7 7. Nxc6 bxc6 8. Qd3 d5 9. Qg3 Qxg3 10. hxg3 Nf6 11. g4 d4 12. g5 dxc3 13. gxf6 Bb4 14. b3 gxf6 15. Bh6 Ke7 16. Rh3 c5 17. O-O-O Bb7 18. Rhd3 Bc6 19. Rd6 Rhc8 20. Bc4 Bb5 21. e5 Bxc4 22. Rd7+ Ke8 23. exf6 Bd5 24. Re7+ Kd8 25.
Rxf7 c4 26. Rxh7 cxb3 27. axb3 a5 28. Rd4 Ba3+ 29. Kd1 a4 30. Rg4 e5 31. Rgg7 Be6 32. Rh8+ 1-0

[Event "Late-Titled-Tuesday-Blitz-January-30-2024"]
[Site "Chess.com"]
[Date "2024.01.30"]
[Round "8"]
[White "emeli_chess"]
[Black "maurovargas01"]
[Result "1-0"]
[WhiteElo "2474"]
[BlackElo "1885"]
[TimeControl "180+1"]
[EndTime "15:26:55 PST"]
[Termination "emeli_chess won on time"]

1. d4 d5 2. c4 c6 3. Nc3 e6 4. e3 Nf6 5. Nf3 Nbd7 6. Bd3 dxc4 7.
Bxc4 b5 8. Bd3 Bb7 9. O-O Bd6 10. e4 e5 11. Bg5 O-O 12. d5 a6 13. a3 cxd5 14.
Nxd5 h6 15. Bh4 g5 16. Bg3 Bxd5 17. exd5 Re8 18. Re1 Qb6 19. Bf5 e4 20. Nd4 Bc5 21.
Nc6 Nb8 22. b4 Bf8 23. Nxb8 Raxb8 24. Bxb8 Qxb8 25. Qd4 Bg7 26. Qc5 Qf4 27. d6 Re5 28.
Qc8+ Bf8 29. d7 Rxf5 30. d8=Q 1-0

[Event "Late-Titled-Tuesday-Blitz-January-30-2024"]
[Site "Chess.com"]
[Date "2024.01.30"]
[Round "8"]
[White "RebecaJimnz"]
[Black "Bryanl106"]
[Result "0-1"]
[WhiteElo "2295"]
[BlackElo "2529"]
[TimeControl "180+1"]
[EndTime "15:26:55 PST"]
[Termination "Bryanl106 won on time"]

1. e4 c5 2. Nc3 Nc6 3. g3 g6 4. Bg2 Bg7 5. d3 e6 6. Be3 d6 7. Qd2 h6 8. Nge2 Nd4 9. Nc1 Ne7 10. Nd1 Ndc6 11. O-O b6 12. f4 d5 13. Ne2 O-O 14. f5 exf5 15. Bxh6 dxe4 16. Bxg7 Kxg7 17.
Qc3+ Kg8 18. dxe4 fxe4 19. Bxe4 Bf5 20. Rxf5 Nxf5 21. Bxc6 Rc8 22. Bg2 Re8 23. Nf4 Nd4 24. Bf1 Qg5 25. Nf2 Re7 26. N2h3 Qe5 27. Qd3 Rce8 28. c3 Nf5 29. Nf2 Qd6 30. Ng4 Qxd3 31. Bxd3 Kg7 32. Bxf5 gxf5 33. Rf1 fxg4 34. Nd5 Re1 35. Nf4 Rxf1+ 36. Kxf1 Rh8 37. Kg2 Rd8 0-1

[Event "Late-Titled-Tuesday-Blitz-January-30-2024"]
[Site "Chess.com"]
[Date "2024.01.30"]
[Round "8"]
[White "jmpion"]
[Black "cristiano78"]
[Result "1-0"]
[WhiteElo "2512"]
[BlackElo "2289"]
[TimeControl "180+1"]
[EndTime "15:26:56 PST"]
[Termination "jmpion won by resignation"]

1. e4 c5 2. Nf3 d6 3. d4 cxd4 4. Nxd4 Nf6 5. Nc3 g6 6. Be3 Bg7 7. f3 O-O 8. Qd2 Nc6 9. O-O-O d5 10. exd5 Nxd5 11. Nxc6 bxc6 12. Bd4 e5 13. Bc5 Be6 14. Ne4 Qc7 15. Bxf8 Rxf8 16. h4 h6 17. g4 f5 18.
gxf5 gxf5 19. Nc5 Bf7 20. Rg1 Kh7 21. Bd3 Qc8 22. Qg2 Bf6 23. Qh3 e4 24. fxe4 fxe4 25. Bxe4+ Kh8 26. Qxc8 Rxc8 27. Bxd5 Bxd5 28. Rg6 Be5 29.
Rxh6+ Kg7 30. Rh5 Bf4+ 31. Kb1 Bf3 32. Rg1+ Kf6 33. Rh7 Bd5 34. Rf1 Kg6 35. Rxa7 Be3 36. Ra5 Kh5 37. Nd3 Kxh4 38. Ra4+ Kg3 39. Re1 Bd2 40. Rd1 Be3 41. Rb4 c5 42. Rb6 Be4 43.
Re6 Bxd3 44. Rxe3+ Kf2 45. Rexd3 c4 46. Rh3 1-0

[Event "Late-Titled-Tuesday-Blitz-January-30-2024"]
[Site "Chess.com"]
[Date "2024.01.30"]
[Round "8"]
[White "Byniolus"]
[Black "Zura_19"]
[Result "0-1"]
[WhiteElo "2838"]
[BlackElo "2581"]
[TimeControl "180+1"]
[EndTime "15:26:58 PST"]
[Termination "Zura_19 won on time"]

1. d4 Nf6 2. Nf3 e6 3. Bf4 b6 4. e3 Bb7 5. h3 c5 6. c3 cxd4 7.
cxd4 d6 8. Bd3 Be7 9. O-O O-O 10. Nc3 a6 11. Qe2 b5 12. a3 Nc6 13. e4 Nd7 14. e5 dxe5 15. dxe5 Nc5 16. Bc2 Nd4 17. Nxd4 Qxd4 18.
Bg3 Qd7 19. b4 Qc6 20. f4 Nb3 21. Ne4 Nd4 22. Nf6+ Bxf6 23. Bxh7+ Kxh7 24. Qh5+ Kg8 25. Rf2 Be7 26. Kh2 Nf5 27. Re1 Qc3 0-1

[Event "Late-Titled-Tuesday-Blitz-January-30-2024"]
[Site "Chess.com"]
[Date "2024.01.30"]
[Round "8"]
[White "masnyszachistaaa"]
[Black "MikaelyanArman"]
[Result "0-1"]
[WhiteElo "2557"]
[BlackElo "2845"]
[TimeControl "180+1"]
[EndTime "15:26:58 PST"]
[Termination "MikaelyanArman won by checkmate"]

1. e4 c5 2. Ne2 Nc6 3. Nbc3 g6 4. d4 cxd4 5. Nxd4 Bg7 6. Be3 Nf6 7. Be2 O-O 8. Nb3 d6 9. O-O b6 10. f3 Bb7 11.
Qd2 Rc8 12. Rac1 Ne5 13. Rfd1 Qc7 14. Nb5 Qb8 15. c4 Nfd7 16. f4 Nc6 17. e5 a6 18. Nc3 Nc5 19. exd6 exd6 20. Qxd6 Nxb3 21. Qxb8 Rxb8 22. axb3 Rfe8 23. Kf2 Na5 24. b4 Nb3 25. Rb1 Bxg2 26. Nd5 Be4 27. Bd3 Bxd5 28. cxd5 b5 29.
Bc2 Rxe3 30. Kxe3 Re8+ 31. Kf2 Nd4 32. Bd3 Bf8 33. Ra1 Bxb4 34. Rxa6 Bc5 35. Kf1 Nf3 36. d6 Nxh2+ 37. Kg2 Ng4 38. Rd2 Ne3+ 39. Kf3 Nd5 40. Bxb5 Re3+ 41. Kg2 Nxf4+ 42. Kh2 Rh3# 0-1

[Event "Late-Titled-Tuesday-Blitz-January-30-2024"]
[Site "Chess.com"]
[Date "2024.01.30"]
[Round "8"]
[White "M1711"]
[Black "WindWhistler11"]
[Result "1-0"]
[WhiteElo "2664"]
[BlackElo "2492"]
[TimeControl "180+1"]
[EndTime "15:26:58 PST"]
[Termination "M1711 won on time"]

1. e4 e6 2. d4 d5 3. c4 dxe4 4. Nc3 Bb4 5. Qg4 Nf6 6. Qxg7 Rg8 7. Qh6 Qxd4 8. Ne2 Qd8 9. Bg5 Rg6 10. Qh4 Nbd7 11.
O-O-O Qe7 12. Nxe4 h6 13. Nxf6+ Nxf6 14. Bxh6 Rg4 15.
Qh3 Rxc4+ 16. Kb1 e5 17. Qf3 e4 18. Qg3 Bd6 19. Bf4 Bf5 20. Bxd6 cxd6 21. Nd4 Bg6 22. Bxc4 d5 23. Bb5+ Kf8 24. Ka1 a6 25. Be2 Rd8 26. h4 Qb4 27. h5 Bh7 28. Qe5 Rd6 29.
a3 Qb6 30. Rc1 1-0

[Event "Late-Titled-Tuesday-Blitz-January-30-2024"]
[Site "Chess.com"]
[Date "2024.01.30"]
[Round "8"]
[White "Zq1"]
[Black "RCone"]
[Result "0-1"]
[WhiteElo "2485"]
[BlackElo "2343"]
[TimeControl "180+1"]
[EndTime "15:26:59 PST"]
[Termination "RCone won by resignation"]

1. d4 d6 2. Nf3 Nf6 3. c4 g6 4. Nc3 Bg7 5. e4 O-O 6. Be2 Na6 7.
O-O e5 8. Be3 h6 9. d5 Nc5 10.
Nd2 a5 11. a3 b6 12. b4 Nb7 13. Nb5 Bd7 14. Rc1 axb4 15. axb4 Ne8 16. Ra1 Rxa1 17. Qxa1 f5 18. f3 Nf6 19. Qa6 Bc8 20. Na7 Nh5 21.
Nxc8 Qxc8 22. c5 bxc5 23. bxc5 Nxc5 24. Qxc8 Rxc8 25. Bxc5 dxc5 26. g3 Bf8 27. Nc4 Bd6 28.
f4 Re8 29. fxe5 Bxe5 30. Bxh5 gxh5 31. exf5 Bd4+ 32. Kg2 Re2+ 33. Kh3 Rc2 34. Na5 Bf6 35. Rf4 Rd2 36. g4 Be5 37. Nc4 Bxf4 38. Nxd2 Bxd2 0-1

[Event "Late-Titled-Tuesday-Blitz-January-30-2024"]
[Site "Chess.com"]
[Date "2024.01.30"]
[Round "8"]
[White "DefiantChair"]
[Black "oskariot"]
[Result "0-1"]
[WhiteElo "2625"]
[BlackElo "2760"]
[TimeControl "180+1"]
[EndTime "15:27:00 PST"]
[Termination "oskariot won by resignation"]

1. e4 c5 2. Nf3 e6 3. d4 cxd4 4.
Nxd4 Nf6 5. Nc3 d6 6. Be3 a6 7. f3 h5 8. Qd2 Nbd7 9. O-O-O b5 10. Kb1 Bb7 11. h4 Qc7 12. Bxb5 axb5 13. Ndxb5 Qa5 14. Nxd6+ Bxd6 15. Qxd6 Ra6 16. Qd4 O-O 17. g4 e5 18.
Qd3 hxg4 19. fxg4 Rc8 20. g5 Rxc3 21. bxc3 Qxa2+ 22. Kc1 Nxe4 23. Qb5 Qa1+ 24. Qb1 Qxc3 25. Rd3 Qc6 26. Qb2 Ndc5 27. Rd8+ Kh7 28. g6+ fxg6 29.
h5 Ra1+ 30. Qxa1 Nb3+ 31. Kb2 Nxa1 32. hxg6+ Kxg6 33. Rg1+ Kf7 34. Kxa1 Qc3+ 35. Kb1 Qxe3 36. Rd7+ Ke8 37. Rdxg7 Qb6+ 38. Kc1 Bd5 39. Rh1 Qe3+ 40.
Kb1 Nc3+ 41. Kb2 Bxh1 0-1

[Event "Late-Titled-Tuesday-Blitz-January-30-2024"]
[Site "Chess.com"]
[Date "2024.01.30"]
[Round "8"]
[White "TheAlienParty"]
[Black "Noki102"]
[Result "0-1"]
[WhiteElo "2384"]
[BlackElo "2525"]
[TimeControl "180+1"]
[EndTime "15:27:03 PST"]
[Termination "Noki102 won by resignation"]

1. c4 c6 2. Nf3 d5 3. e3 Nf6 4. b3 Bg4 5. Bb2 Nbd7 6. Be2 e6 7.
O-O Bd6 8. h3 Bh5 9. d4 O-O 10.
Ne5 Bxe2 11. Qxe2 Ne4 12. Nd2 Nxd2 13. Qxd2 Bxe5 14. dxe5 dxc4 15. bxc4 Nc5 16. Qd4 Qxd4 17. exd4 Na4 18. Ba3 Rfd8 19. Bd6 b5 20. Rab1 a6 21. Rfc1 Rac8 22. f4 Nb6 23. c5 Nd5 24. Rf1 a5 25. Rb3 g6 26. g4 f5 27. gxf5 gxf5 28. Rg3+ Kf7 29. Kg2 Rg8 30. Kf3 Rxg3+ 31. Kxg3 Rg8+ 32.
Kf3 Nc3 33. Rf2 a4 34. Bc7 Ne4 35. Rg2 Rxg2 36. Kxg2 Nc3 37. a3 Nb1 38. Ba5 Nxa3 39. Kf3 Nc2 40. d5 exd5 41. Ke2 a3 42. Kd2 a2 43. Bc3 d4 44. Bb2 a1=Q 45. Bxa1 Nxa1 46. Kd3 Nb3 47. Kc2 Nxc5 0-1

[Event "Late-Titled-Tuesday-Blitz-January-30-2024"]
[Site "Chess.com"]
[Date "2024.01.30"]
[Round "8"]
[White "Brahianzevich"]
[Black "yaguigor"]
[Result "0-1"]
[WhiteElo "2420"]
[BlackElo "2629"]
[TimeControl "180+1"]
[EndTime "15:27:05 PST"]
[Termination "yaguigor won on time"]

1. e4 e5 2. Nf3 Nc6 3. Bb5 f5 4. d3 fxe4 5. dxe4 Nf6 6. O-O Bc5 7. Bg5 d6 8. Nbd2 h6 9. Bxf6 Qxf6 10. c3 Bd7 11. a4 a6 12. Bc4 a5 13. Qe2 g5 14.
Ne1 h5 15. Nd3 Bb6 16. Kh1 Ke7 17. f3 Raf8 18. b4 Qg6 19. b5 Nd8 20. Bb3 Ne6 21. Nc4 g4 22. Nxb6 cxb6 23. f4 Nxf4 24. Nxf4 Rxf4 25. Rxf4 exf4 26. e5 Re8 27. exd6+ Kd8 28.
Qf2 Qxd6 29. Rd1 Qc7 30. Qd4 Kc8 31. c4 f3 0-1

[Event "Late-Titled-Tuesday-Blitz-January-30-2024"]
[Site "Chess.com"]
[Date "2024.01.30"]
[Round "8"]
[White "TigrVShlyape"]
[Black "GMWSO"]
[Result "1/2-1/2"]
[WhiteElo "2963"]
[BlackElo "3095"]
[TimeControl "180+1"]
[EndTime "15:27:08 PST"]
[Termination "Game drawn by agreement"]

1. e4 c5 2. Nf3 d6 3. d4 cxd4 4. Nxd4 Nf6 5. Nc3 a6 6. a4 e6 7.
a5 Nc6 8. Nxc6 bxc6 9. Bd3 d5 10. O-O Be7 11. Bd2 O-O 12. Re1 Bb7 13. b3 c5 14.
exd5 Nxd5 15. Nxd5 Qxd5 16. Be4 Qd7 17. Bxb7 Qxb7 18.
Bc3 Rfd8 19. Qg4 Bf8 20. Rad1 Rd5 21. Rxd5 exd5 22. Qf3 Rb8 23. h3 Qd7 24. Re5 Rd8 25. Qd3 Qc6 26. h4 g6 27. Re1 h5 28. Qf3 Qd6 29.
Bf6 Rc8 30. Rd1 d4 31. g3 Bg7 32. Bxg7 Kxg7 33. Qd3 Re8 34. Qc4 Re5 35. b4 cxb4 36.
Qxd4 Qxd4 37. Rxd4 Rxa5 38. Rxb4 Rc5 39. Rb6 a5 40. Ra6 Kf8 41. Ra7 Kg7 42. Ra6 1/2-1/2

[Event "Late-Titled-Tuesday-Blitz-January-30-2024"]
[Site "Chess.com"]
[Date "2024.01.30"]
[Round "8"]
[White "zverr1"]
[Black "DraningWaterHi"]
[Result "1-0"]
[WhiteElo "2560"]
[BlackElo "2123"]
[TimeControl "180+1"]
[EndTime "15:27:08 PST"]
[Termination "zverr1 won by resignation"]

1. e4 c5 2. Nf3 d6 3. Nc3 Nc6 4. Bb5 Bd7 5. d4 cxd4 6. Nxd4 Nxd4 7. Bxd7+ Qxd7 8. Qxd4 Nf6 9. Bf4 e5 10. Bxe5 dxe5 11.
Qxe5+ Be7 12. Rd1 Qe6 13. Qb5+ Qc6 14. e5 Nd7 15. Nd5 Qxb5 16. Nc7+ Kf8 17. Nxb5 Nxe5 18.
f4 Nc6 19. Rd7 g6 20. f5 Kg7 21. O-O Bf6 22. fxg6 hxg6 23. Nd6 Rhf8 24. Ne4 Bxb2 25. Ng5 Ne5 26. Rxb7 Bd4+ 27. Kh1 Rab8 28. Ne6+ Kh6 29. Rxb8 Rxb8 30. Nxd4 Rb2 31. Ra1 Nc4 32. h3 Na3 33.
Rc1 Rxa2 34. c4 Rd2 35. Nf3 Rc2 36. Rxc2 Nxc2 37. c5 Nb4 38. Ne5 f6 39. c6 Na6 40.
Nd7 Kg5 41. Nb8 Nc7 42. Nd7 a5 43. Nb6 Kf4 44. Kh2 Ke5 45. h4 Kd4 46. g4 Kc5 47. h5 Kxb6 48. h6 a4 49. h7 a3 50.
h8=Q a2 51. Qxf6 Nd5 52. Qb2+ Kxc6 53. Qxa2 Kd6 54. Qa6+ Ke5 55. Qxg6 Nf4 56. Qf5+ 1-0

[Event "Late-Titled-Tuesday-Blitz-January-30-2024"]
[Site "Chess.com"]
[Date "2024.01.30"]
[Round "8"]
[White "h4parah5"]
[Black "Azerichess"]
[Result "0-1"]
[WhiteElo "2914"]
[BlackElo "3076"]
[TimeControl "180+1"]
[EndTime "15:27:10 PST"]
[Termination "Azerichess won by resignation"]

1. Nf3 Nf6 2. c4 g6 3. Nc3 d5 4.
cxd5 Nxd5 5. h4 Bg7 6. e4 Nxc3 7.
dxc3 Qxd1+ 8. Kxd1 h5 9. Kc2 Nd7 10. Bg5 Nc5 11. Nd2 Bh6 12. Bxh6 Rxh6 13. b4 Nd7 14. a4 a5 15. f3 Rh8 16. Bb5 e6 17. Nb3 axb4 18. cxb4 Ke7 19. a5 e5 20. Rhd1 Nf8 21.
Bf1 c6 22. Kc3 Ne6 23. Nd2 Nd4 24. Nc4 f6 25. Nb6 Rb8 26. Rd2 Be6 27. Rad1 g5 28. hxg5 fxg5 29. Bc4 h4 30. Bxe6 Kxe6 31. Na4 h3 32. Nc5+ Ke7 33. gxh3 Rxh3 34. Rd3 b6 35. axb6 Rxb6 36. Ra1 Rxf3 37. Ra7+ Ke8 38. Rg7 Rxd3+ 39.
Nxd3 Ne6 40. Rg6 Nf4 41. Nxe5 Nxg6 42. Nxg6 c5 0-1

[Event "Late-Titled-Tuesday-Blitz-January-30-2024"]
[Site "Chess.com"]
[Date "2024.01.30"]
[Round "8"]
[White "Binary010"]
[Black "ContrVersia"]
[Result "1-0"]
[WhiteElo "2903"]
[BlackElo "2838"]
[TimeControl "180+1"]
[EndTime "15:27:11 PST"]
[Termination "Binary010 won on time"]

1. e4 c5 2. Nf3 a6 3. c3 d5 4.
e5 Nc6 5. d4 cxd4 6. cxd4 Bg4 7.
Be3 e6 8. Nc3 Qb6 9. Be2 Bxf3 10. Bxf3 Qxb2 11. Na4 Qb4+ 12. Kf1 b5 13. Nb6 Rb8 14.
Nxd5 exd5 15. Bxd5 Nge7 16. Bb3 Nf5 17. Qf3 Ncxd4 18.
Bxd4 Nxd4 19. Qxf7+ Kd8 20. Rd1 Bc5 21. e6 Be7 22.
Qf4 Kc8 23. Rxd4 Qc5 24. g3 Rf8 25. Qe4 Bf6 26. Rd2 Be7 27. Rc2 1-0

[Event "Late-Titled-Tuesday-Blitz-January-30-2024"]
[Site "Chess.com"]
[Date "2024.01.30"]
[Round "8"]
[White "Sandpacer"]
[Black "brm72"]
[Result "0-1"]
[WhiteElo "2499"]
[BlackElo "2698"]
[TimeControl "180+1"]
[EndTime "15:27:11 PST"]
[Termination "brm72 won by resignation"]

1. e4 c6 2. d4 d5 3. Nd2 dxe4 4. Nxe4 Nf6 5. Nxf6+ exf6 6. Nf3 Bd6 7. Bd3 O-O 8.
O-O Bg4 9. h3 Bh5 10. c4 Re8 11. b3 Nd7 12. Bb2 Nf8 13. Bc2 Bc7 14. Qd3 Qd6 15. g3 f5 16. Ne5 f6 17. Qxf5 g6 18. c5 Qd5 19. Qxf6 Bxe5 20. dxe5 Ne6 21. g4 Rf8 22. Qh4 Nf4 23. f3 Qxc5+ 24. Rf2 g5 25.
Qxg5+ Bg6 26. Qh6 Ne2+ 27. Kg2 Qxc2 28. Re1 Nf4+ 29. Kg3 Qc5 30. e6 Qe7 31. Rd2 Rad8 32. Rd7 Rxd7 33. exd7 Qxe1+ 0-1

[Event "Late-Titled-Tuesday-Blitz-January-30-2024"]
[Site "Chess.com"]
[Date "2024.01.30"]
[Round "8"]
[White "nikitadovbnya2008"]
[Black "snowlord"]
[Result "0-1"]
[WhiteElo "2209"]
[BlackElo "2853"]
[TimeControl "180+1"]
[EndTime "15:27:11 PST"]
[Termination "snowlord won by checkmate"]

1. d4 Nf6 2. c4 Nc6 3. d5 Ne5 4. Nc3 e6 5. e4 Bb4 6. Bd3 c6 7. Bf4 Ng6 8. Bg5 h6 9. Bd2 exd5 10. exd5 Qe7+ 11. Qe2 Ne5 12. O-O-O O-O 13. f4 Nxd3+ 14. Qxd3 cxd5 15. Nxd5 Nxd5 16. Qxd5 Bxd2+ 17. Qxd2 d5 18. Nf3 dxc4 19. Rhe1 Qf6 20. Qd4 Qa6 21. a3 c3 22.
Qxc3 Bf5 23. Kd2 Rac8 24. Qb3 Bc2 25. Qxc2 Rxc2+ 26. Kxc2 Qc4+ 27. Kb1 Qxf4 28. Rd2 g6 29. h3 Rc8 30. Red1 Kg7 31. Rd4 Qf5+ 32. Ka1 Rc2 33.
R1d2 Rc1+ 34. Ka2 Qe6+ 35. b3 Rc3 36. Rb2 b5 37. a4 a6 38. axb5 axb5 39. h4 Rc1 40.
Ka3 Qe7+ 41. b4 Qa7+ 42. Kb3 Qa4# 0-1

[Event "Late-Titled-Tuesday-Blitz-January-30-2024"]
[Site "Chess.com"]
[Date "2024.01.30"]
[Round "8"]
[White "crazy_but_lazy"]
[Black "krzyzan94"]
[Result "0-1"]
[WhiteElo "2629"]
[BlackElo "2768"]
[TimeControl "180+1"]
[EndTime "15:27:14 PST"]
[Termination "krzyzan94 won by resignation"]

1. d4 Nf6 2. Nf3 e6 3. Bf4 c5 4. e3 b6 5. Nc3 Bb7 6. Nb5 Na6 7.
Nd6+ Bxd6 8. Bxd6 Ne4 9. Bf4 O-O 10. Be2 d6 11. O-O Qe7 12. c3 Nc7 13. Nd2 Rad8 14.
Nxe4 Bxe4 15. Bg3 f5 16. Qa4 a6 17. Rad1 g5 18. f3 Bb7 19. dxc5 bxc5 20. Rd2 Nd5 21. Bf2 f4 22. e4 Ne3 23. Bxe3 fxe3 24. Rd3 d5 25.
Rxe3 c4 26. Qa5 Qg7 27. exd5 exd5 28. Qb6 Kh8 29. Re1 d4 30. cxd4 Rxd4 31. Bf1 g4 32.
Re7 gxf3 33. R1e6 f2+ 34. Kh1 Qxg2+ 0-1

[Event "Late-Titled-Tuesday-Blitz-January-30-2024"]
[Site "Chess.com"]
[Date "2024.01.30"]
[Round "8"]
[White "mbojan"]
[Black "yobdc"]
[Result "1-0"]
[WhiteElo "2853"]
[BlackElo "2577"]
[TimeControl "180+1"]
[EndTime "15:27:16 PST"]
[Termination "mbojan won on time"]

1. a3 g6 2. d4 Bg7 3. c4 Nf6 4. Nf3 O-O 5. Nc3 d6 6. e4 Nbd7 7. Be2 e5 8. d5 Nc5 9. Qc2 a5 10. Be3 Ng4 11. Bg5 f6 12. Bh4 a4 13. Nd2 Nh6 14. f3 Bd7 15. Bf2 b6 16. O-O-O f5 17. h4 fxe4 18. Ndxe4 Nb3+ 19. Kb1 Nf5 20. h5 Nfd4 21.
Qd3 Nc5 22. Qd2 Bf5 23. hxg6 Bxg6 24. Bd3 Nxd3 25. Qxd3 Qd7 26. Bxd4 exd4 27. Ne2 b5 28. cxb5 Rab8 29. Nxd4 Rb6 30. Ne6 Qxb5 31. Qxb5 Rxb5 32. Nxg7 Bxe4+ 33. Kc1 Kxg7 34. fxe4 Rc5+ 35. Kd2 Rf2+ 36. Ke3 Rxb2 37. Rc1 Rb3+ 38. Kf4 Rxa3 39. Rxc5 dxc5 40. Rc1 Rb3 41. Rxc5 a3 42. Rxc7+ Kg6 43. Ra7 Rd3 44. g4 h6 45. Ra6+ Kf7 46. Ke5 Rd2 47. Ra7+ Ke8 48. Rxa3 Rg2 49. Ke6 Kd8 50. d6 1-0

[Event "Late-Titled-Tuesday-Blitz-January-30-2024"]
[Site "Chess.com"]
[Date "2024.01.30"]
[Round "8"]
[White "RantomOpening"]
[Black "sansanathalia"]
[Result "1-0"]
[WhiteElo "2531"]
[BlackElo "2396"]
[TimeControl "180+1"]
[EndTime "15:27:16 PST"]
[Termination "RantomOpening won on time"]

1. d4 Nf6 2. Bg5 d5 3. e3 e6 4. Nd2 Be7 5. c3 O-O 6. f4 h6 7. Bxf6 Bxf6 8. Ngf3 c5 9. Bd3 Nc6 10. h4 cxd4 11. cxd4 h5 12. Ng5 g6 13. g4 hxg4 14. Rg1 Kg7 15. Rxg4 Rh8 16. Qf3 Bxg5 17. fxg5 e5 18. Rg1 e4 19. Nxe4 dxe4 20. Bxe4 Rxh4 21. O-O-O Qe7 22. Bb1 Rh3 23. Rg3 Nxd4 24. Rxd4 Qc7+ 25. Bc2 Bg4 26. Qf6+ Kg8 27. Rxh3 Bh5 28. Rxh5 gxh5 29. g6 Rc8 30. gxf7+ Kf8 31. Qh8+ Kxf7 32. Qh7+ Ke6 33. Re4+ Kd5 34. Qf5+ 1-0